 Dungeon Crawl Stone Soup version 0.23.0 (webtiles) character file.

Game seed: 4097799344111904327

2025 Blackhawk the Agent of Entropy (level 9, -4/71 HPs)
             Began as a Formicid Abyssal Knight on Feb 10, 2019.
             Was a Priest of Lugonu.
             Slain by a warg (8 damage)
             ... on level 8 of the Dungeon.
             The game lasted 00:11:05 (7793 turns).

Blackhawk the Agent of Entropy (FoAK)               Turns: 7793, Time: 00:11:06

Health: -4/71      AC: 12    Str: 26    XL:     9   Next: 47%
Magic:  22/22      EV:  7    Int: 11    God:    Lugonu [***...]
Gold:   504        SH: 10    Dex: 10    Spells: 8/8 levels left

rFire    + . .     SeeInvis +   g - +2 spear (venom)
rCold    . . .     Gourm    .   y - +0 shield
rNeg     . . .     Faith    .   k - +0 plate armour {rF+}
rPois    .         Spirit   .   (helmet unavailable)
rElec    .         Reflect  .   m - scarf {repulsion}
rCorr    .         Harm     .   o - +0 pair of gloves
MR       .....                  (no boots)
Stlth    ..........             (no amulet)
HPRegen  0.21/turn              p - +2 ring of protection
MPRegen  0.18/turn              F - ring of magical power

@: mighty, corroded, repel missiles
A: permanent stasis, dig shafts and tunnels, four strong arms, antennae 3
a: Dig, Shaft Self, Depart the Abyss, Bend Space, Banish, Renounce Religion


You were on level 8 of the Dungeon.
You worshipped Lugonu.
Lugonu was most pleased with you.
You were hungry.

You visited 1 branch of the dungeon, and saw 8 of its levels.
You visited the Abyss 1 time.

You collected 504 gold pieces.

Inventory:

Hand Weapons
 a - a +1 hand axe
 g - a +2 spear of venom (weapon)
Missiles
 x - 2 throwing nets (quivered)
Armour
 b - a +0 leather armour
 k - a +0 plate armour of fire resistance (worn)
 m - a scarf of repulsion (worn)
 o - a +0 pair of gloves (worn)
 t - a +0 chain mail
 y - a +0 shield (worn)
Jewellery
 p - a +2 ring of protection (left hand)
 D - an uncursed ring of ice
 F - a ring of magical power (right hand)
Wands
 n - a wand of iceblast (12)
 s - a wand of random effects (26)
 G - a wand of polymorph (11)
Scrolls
 f - a scroll of noise {unknown}
 h - a scroll of fear {unknown}
 i - 5 scrolls of identify {unknown}
 j - 3 scrolls of immolation {unknown}
 l - 3 scrolls of enchant armour {unknown}
 q - 6 scrolls of remove curse {unknown}
 v - 2 scrolls of magic mapping {unknown}
 B - a scroll of enchant weapon {unknown}
 I - a scroll of teleportation {unknown}
Potions
 e - 2 potions of mutation {unknown}
 r - 2 potions of curing {unknown}
 u - a potion of magic {unknown}
 w - a potion of heal wounds {unknown}
 z - a potion of flight {unknown}
 A - 2 potions of haste {unknown}
 C - 2 potions of lignification {unknown}
 E - a potion of agility {unknown}
Comestibles
 c - 11 rations
 H - 9 chunks of flesh


   Skills:
 + Level 6.6 Fighting
 + Level 5.6 Axes
 + Level 6.1 Armour
 - Level 3.3 Dodging
 + Level 4.2 Shields
 + Level 6.6 Invocations


You had 8 spell levels left.
You didn't know any spells.
Your spell library was empty.

Dungeon Overview and Level Annotations

Branches:
Dungeon (8/15)             Temple (0/1) D:7
   Lair: D:8-11

Altars:
Gozag
Kikubaaqudgha
Makhleb
Okawaru
Qazlal
Trog
Uskayaw

Annotations:
D:7 Menkaure


Innate Abilities, Weirdness & Mutations

You cannot be hasted, slowed, berserked, paralysed or teleported.
You can dig through walls and to a lower floor.
Your four strong arms can wield two-handed weapons with a shield.
You have a pair of large antennae on your head. (SInv)


Message History

You kill the kobold!
Lugonu accepts your kill. The kobold hits you but does no damage.
The warg bites you.
* * * LOW HITPOINT WARNING * * *
You puncture the warg!
The warg is moderately wounded.
The kobold hits you but does no damage. The warg bites you!
* * * LOW HITPOINT WARNING * * *
You hit the warg but do no damage.
The warg is moderately wounded.
The kobold hits you but does no damage. You block the warg's attack.
It was a potion of might.
You feel very mighty all of a sudden. The warg bites you but does no damage.
The kobold hits you but does no damage.
The orc wizard mumbles some strange words.
The orc wizard seems to speed up.
You puncture the warg!
The warg is heavily wounded.
The warg bites you!
You die...

## ###.## ###@KK.#
###.##hK.##
.##.#...##o...#...
.....J..(((.......
..##.(<.......#
......$..#......##
.........#.....##
.....K..##.......
....KK.....##.....


You could see a warg, an orc wizard and 3 kobolds.

Vanquished Creatures
  Eustachio (D:6)
  An ice beast (D:6)
  A sky beast (D:7)
  2 ogres (D:5)
  A centaur (D:7)
  A big kobold (D:8)
  A bullfrog (D:7)
  A scorpion (D:4)
  5 killer bees
  2 howler monkeys (D:7)
  3 crimson imps
  4 hounds (D:6)
  4 jellies
  A centaur zombie (D:6)
  An orc priest (D:7)
  7 orc wizards
  3 iguanas
  Terence (D:3)
  Natasha (twice) (D:2)
  2 worker ants
  3 gnolls (D:3)
  5 adders
  A shadow imp (D:5)
  A worm (D:2)
  2 dart slugs (D:2)
  2 leopard geckos (D:4)
  26 orcs
  3 bats
  4 giant cockroaches
  7 goblins
  4 hobgoblins
  10 jackals
  6 kobolds
  2 quokkas
  2 ball pythons (D:3)
  5 frilled lizards
  4 rats
131 creatures vanquished.

Notes
Turn   | Place    | Note
-------+----------+-------------------------------------------
     0 | Abyss:1  | Blackhawk the Formicid Abyssal Knight began the quest for
                  | the Orb.
     0 | Abyss:1  | Reached XP level 1. HP: 18/18 MP: 2/2
    55 | Abyss:1  | Noticed a large abomination
   112 | Abyss:2  | Noticed a starcursed mass
   170 | Abyss:2  | Noticed a worldbinder
   189 | Abyss:2  | Noticed a small abomination
   199 | Abyss:3  | Noticed an entropy weaver
   221 | Abyss:3  | Noticed a small abomination
   237 | D:1      | Escaped the Abyss
   414 | D:1      | Reached skill level 1 in Dodging
   464 | D:1      | Reached XP level 2. HP: 21/24 MP: 3/3
  1176 | D:2      | Reached * piety under Lugonu
  1277 | D:2      | Reached XP level 3. HP: 29/29 MP: 4/4
  1531 | D:2      | Noticed Natasha
  1536 | D:2      | Killed Natasha
  1536 | D:2      | Reached XP level 4. HP: 37/37 MP: 6/6
  1839 | D:2      | Noticed Natasha
  1845 | D:2      | Killed Natasha
  2067 | D:3      | Noticed Terence
  2185 | D:3      | Killed Terence
  2185 | D:3      | Reached XP level 5. HP: 40/42 MP: 7/7
  2862 | D:3      | Reached XP level 6. HP: 41/48 MP: 8/8
  2940 | D:3      | Found a hide-covered altar of Uskayaw.
  2941 | D:3      | Found an iron altar of Okawaru.
  2942 | D:3      | Found an ancient bone altar of Kikubaaqudgha.
  2986 | D:3      | Reached ** piety under Lugonu
  4149 | D:4      | Found a stormy altar of Qazlal.
  4206 | D:4      | Reached XP level 7. HP: 48/55 MP: 10/10
  4695 | D:5      | Entered Level 5 of the Dungeon
  5369 | D:5      | Reached skill level 5 in Fighting
  5916 | D:6      | Reached XP level 8. HP: 58/62 MP: 11/11
  6174 | D:6      | Reached skill level 5 in Invocations
  6202 | D:6      | Reached skill level 1 in Shields
  6247 | D:6      | Found a bloodstained altar of Trog.
  6271 | D:6      | Found a burning altar of Makhleb.
  6273 | D:6      | Found an opulent altar of Gozag.
  6464 | D:6      | Reached *** piety under Lugonu
  6721 | D:6      | Reached skill level 5 in Armour
  6820 | D:6      | Noticed Eustachio
  6832 | D:6      | Killed Eustachio
  6988 | D:7      | Found a staircase to the Ecumenical Temple.
  7069 | D:7      | Reached skill level 5 in Axes
  7069 | D:7      | Reached XP level 9. HP: 53/69 MP: 13/13
  7742 | D:7      | Noticed Menkaure
  7750 | D:7      | Noticed a hippogriff
  7793 | D:8      | Slain by a warg

Skill      XL: |  1  2  3  4  5  6  7  8  9 |
---------------+----------------------------+-----
Dodging        | 1 2 3 |  3.3
Invocations    | 3 4 5 6 |  6.6
Fighting       | 4 5 6 |  6.6
Armour         | 3 4 5 6 |  6.1
Axes           | 3 4 5 |  5.6
Shields        | 3 4 |  4.2

Action                   |  1- 3 |  4- 6 |  7- 9 || total
-------------------------+-------+-------+-------++-------
Melee: Spear             |    52 |   202 |   327 ||   581
Invok: Depart the Abyss  |     1 |       |       ||     1
 Abil: Dig               |       |     2 |       ||     2
  Use: Potion            |       |       |     1 ||     1
  Eat: Chunk             |     2 |     9 |    11 ||    22
Armor: Leather armour    |     7 |    19 |       ||    26
       Plate armour      |       |    65 |   177 ||   242
Dodge: Dodged            |    21 |    72 |    56 ||   149
       Deflected         |       |     4 |     7 ||    11
Block: Shield            |       |       |    93 ||    93
